 Dungeon Crawl Stone Soup version 0.27.0-1-g7a089689b8 (webtiles) character file.

Game seed: 12419397414231428564

28 Sabo the Covered (level 3, -1/20 HPs)
             Began as a Gargoyle Fighter on Aug 15, 2021.
             Was a Follower of Hepliaklqana.
             Killed by divine providence
             ... invoked by an orc priest
              (11 damage)
             ... on level 2 of the Dungeon.
             The game lasted 00:06:34 (1237 turns).

Sabo the Covered (Gargoyle Fighter)                 Turns: 1237, Time: 00:06:35

Health: -1/20      AC: 12    Str: 20    XL:     3   Next: 14%
Magic:  3/3        EV:  5    Int:  8    God:    Hepliaklqana [*.....]
Gold:   30         SH: 10    Dex: 15    Spells: 2/2 levels left

rFire    . . .     SeeInvis .   a - +0 flail
rCold    . . .     Faith    .   c - +0 kite shield
rNeg     + . .     Spirit   .   l - +0 chain mail
rPois    ∞         Reflect  .   (no helmet)
rElec    +         Harm     .   (no cloak)
rCorr    .         Rampage  .   (no gloves)
Will     .....                  (no boots)
Stlth    ..........             (no amulet)
HPRegen  0.06/turn              f - +6 ring of dexterity
MPRegen  0.08/turn              (no ring)

@: no status effects
A: reduced essence, sickness immunity, AC +3, negative energy resistance 1,
electricity resistance, torment resistance 1, petrification resistance
a: Renounce Religion, Recall Ancestor, Ancestor Identity


You were on level 2 of the Dungeon.
You worshipped Hepliaklqana.
Hepliaklqana was aware of your devotion.
You visited 1 branch of the dungeon, and saw 2 of its levels.

You collected 30 gold pieces.

Inventory:

Hand Weapons
 a - a +0 flail (weapon)
Missiles
 h - 17 sling bullets
Armour
 c - a +0 kite shield (worn)
 l - a +0 chain mail (worn)
Jewellery
 f - a +6 ring of dexterity (left hand)
Scrolls
 e - a scroll of teleportation {unknown}
 g - a scroll of vulnerability {unknown}
 m - 2 scrolls of identify {unknown}
Potions
 b - 2 potions of haste {unknown}
 d - a potion of might
 i - 2 potions of flight {unknown}
 j - a potion of attraction {unknown}
 k - a potion of mutation {unknown}
 n - a potion of brilliance {unknown}


   Skills:
 + Level 3.5 Fighting
 + Level 2.1 Maces & Flails
 + Level 3.9 Armour
 + Level 3.8 Shields


You had 2 spell levels left.
You didn't know any spells.
Your spell library was empty.

Dungeon Overview and Level Annotations

Branches:
Dungeon (2/15)

Altars:
Hepliaklqana


Innate Abilities, Weirdness & Mutations

Your life essence is reduced to manifest your ancestor. (-10% HP)
You are immune to sickness and miasma.
Your stone body is resilient. (AC +3)
You are immune to poison.
You resist negative energy. (rN+)
You are resistant to electric shocks. (rElec)
You are resistant to unholy torment.
You are immune to petrification.


Message History

Found a stone staircase leading down.
m - 2 scrolls labelled JAMPIP IGHUNNU (gained 1)
b - 2 bubbling inky potions (gained 1)
A bat comes into view.
The bat hits you but does no damage. The bat barely misses you.
The bat hits Kheti.
The bat hits you but does no damage.
You sock the bat!
You kill the bat!
Found 16 stones.
i - 2 lumpy inky potions (gained 1)
An orc comes into view. It is wielding a +0 club.
Found a stone staircase leading down. 2 orc priests come into view.
An orc comes into view. It is wielding a +0 falchion.
The orc shouts!
You block the orc's attack.
You hit the orc.
The orc is heavily wounded.
You block the orc's attack. The orc hits you with a +0 club.
You hit the orc.
You kill the orc!
The orc priest miscasts a cantrip.
The orc priest invokes the aid of Beogh against you.
Pain shoots through your body!
You hit the orc priest but do no damage.
The orc priest hits you but does no damage.
Your chain mail prevents you from hitting the orc priest.
The orc priest hits you but does no damage.
You closely miss the orc. The orc hits you with a +0 falchion.
You hit the orc.
The orc is moderately wounded.
The orc hits you but does no damage.
You hit the orc.
The orc is severely wounded.
The orc hits you but does no damage. The orc hits you with a +0 falchion.
The orc priest calls down the wrath of Beogh upon you.
Beogh smites you!
Ouch! That really hurt!
You die...

############
##..........##
##........)...#
#.....<..†)....
#.........†....
##########..............
..>.ooo@R...............
..########..............
#...............
#.##..........## #.
##.#......##. #.
#.#..##.## . #.
....###.# # #. ....## .#
.##..# .(


You could see the friendly Kheti the ancestor, 2 orc priests and an orc.

Vanquished Creatures
  A dart slug (D:1)
  An orc (D:2)
  2 endoplasms (D:2)
  A giant cockroach (D:1)
  2 goblins
  5 hobgoblins
  2 jackals (D:1)
  A quokka (D:1)
  3 bats
  A frilled lizard (D:1)
  4 rats (D:1)
23 creatures vanquished.

Notes
Turn   | Place    | Note
-------+----------+-------------------------------------------
     0 | D:1      | Sabo the Gargoyle Fighter began the quest for the Orb.
     0 | D:1      | Reached XP level 1. HP: 14/14 MP: 1/1
   180 | D:1      | Reached XP level 2. HP: 17/19 MP: 2/2
   504 | D:1      | Found a faded altar of an unknown god.
   545 | D:1      | Became a worshipper of Hepliaklqana the Forgotten
   545 | D:1      | Reached * piety under Hepliaklqana
  1193 | D:2      | Reached XP level 3. HP: 20/20 MP: 3/3
  1237 | D:2      | Killed from afar by an orc priest

Illustrated notes

Levels and vault maps discovered:
D:1:      co_arrival_hexagon_in_a_hexagon, layout_basic, serial_aquarium,
          aquarium_bridge_straight [aquarium_subvault_bridge,
          aquarium_subvault_balcony, aquarium_subvault_bridge,
          aquarium_subvault_window], aquarium_bridge_long_separate
          [aquarium_subvault_window, aquarium_subvault_window,
          aquarium_subvault_bridge, aquarium_subvault_window,
          aquarium_subvault_balcony, aquarium_subvault_bridge],
          aquarium_window_1, aquarium_window_corner, aquarium_view_2e,
          aquarium_balcony_1b, hellmonk_ecumenical_altar_arch_garden
D:2:      layout_rooms, uniq_terence, uniq_robin

Action                   || total
-------------------------++-------
Melee: Flail             ||    65
Invok: Ancestor Identity ||     1
Armor: Scale mail        ||    24
       Chain mail        ||    14
Dodge: Dodged            ||    13
Block: Kite shield       ||    33
